 Dungeon Crawl Stone Soup version 0.30.0-29-ga12c61a403 (webtiles) character file.

Game seed: 8612759045619803008

13746 AIAndy the Grappler (level 12, -6/91 HPs)
             Began as a Gnoll Wanderer on June 8, 2023.
             Was a High Priest of Makhleb.
             Mangled by a skeletal warrior
             ... wielding a +3 glaive
              (11 damage)
             ... on level 12 of the Dungeon.
             The game lasted 01:10:37 (11324 turns).

AIAndy the Grappler (Gnoll Wanderer)               Turns: 11324, Time: 01:10:39

Health: -6/91      AC: 22    Str: 21    XL:     12   Next: 9%
Magic:  0/22       EV: 12    Int: 11    God:    Makhleb [*****.]
Gold:   713        SH: 10    Dex: 14    Spells: 20/25 levels left

rFire   . .          .
                       - Unarmed
rCold   . . .        N - +0 kite shield
rNeg    + . .        z - +2 scale mail {rN+}
rPois   .            r - +0 helmet
rElec   .            G - +1 cloak
rCorr   .            M - +0 pair of gloves
SInv    .            o - +0 pair of boots
Will    +....        X - amulet of guardian spirit
Stlth   ++           x - +6 ring of strength
HPRegen 0.35/turn    u - +4 ring of protection
MPRegen 0.18/turn

%: clarity, guardian spirit
@: unable to drink
A: fangs 1, strong nose, distributed training, clarity, strong-willed 1, wild
magic 1, inability to drink after injury 1
a: Renounce Religion, Minor Destruction, Lesser Servant of Makhleb, Major
Destruction, Greater Servant of Makhleb


You were on level 12 of the Dungeon.
You worshipped Makhleb.
Makhleb was extremely pleased with you.
You visited 1 branch of the dungeon, and saw 12 of its levels.

You collected 752 gold pieces.
You spent 39 gold pieces at shops.

Inventory:

Hand Weapons
 d - a +2 dagger of freezing
 V - a +2 whip of electrocution
Missiles
 b - a throwing net
 y - a boomerang of dispersal
 C - 3 boomerangs
 D - 67 poisoned darts
Armour
 o - a +0 pair of boots (worn)
 r - a +0 helmet (worn)
 w - a +0 plate armour
 z - a +2 scale mail of positive energy (worn)
 G - a +1 cloak (worn)
 H - +0 acid dragon scales
 M - a +0 pair of gloves (worn)
 N - a +0 kite shield (worn)
 S - +0 steam dragon scales
Jewellery
 a - a ring of wizardry
 h - a ring of flight
 m - a ring of resist corrosion
 n - the ring of the Special Bones {rElec MP+9 Dex+4}
   (You acquired it on level 9 of the Dungeon)

   [ring of magical power]

   Dex:       It affects your dexterity (+4).
   rElec:     It insulates you from electricity.
   MP:        It affects your magic capacity (+9).
 u - a +4 ring of protection (right hand)
 x - a +6 ring of strength (left hand)
 P - an amulet of magic regeneration
 R - a +6 ring of strength
 X - an amulet of guardian spirit (around neck)
Wands
 Y - a wand of paralysis (1)
Scrolls
 c - 2 scrolls of silence
 f - a scroll of vulnerability
 i - 4 scrolls of teleportation
 l - a scroll of enchant armour
 q - 2 scrolls of enchant weapon
 t - a scroll of amnesia {unknown}
 A - a scroll of fog {unknown}
 F - 5 scrolls of identify
 J - a scroll of torment {unknown}
 K - 2 scrolls of fear
 L - a scroll of blinking
 O - a scroll of brand weapon {unknown}
 Q - 3 scrolls of noise {unknown}
Potions
 e - a potion of berserk rage
 g - 4 potions of brilliance
 j - 8 potions of curing
 k - a potion of cancellation
 p - 4 potions of mutation
 s - 3 potions of attraction
 v - 4 potions of flight
 B - 3 potions of lignification
 E - 2 potions of heal wounds
 I - 3 potions of haste {unknown}
 T - a potion of magic
 U - a potion of might
Miscellaneous
 W - a phantom mirror


   Skills:
 + Level 7.2 Fighting
 + Level 7.2 Short Blades
 + Level 7.2 Long Blades
 + Level 7.2 Axes
 + Level 7.2 Maces & Flails
 + Level 7.2 Polearms
 + Level 7.2 Staves
 + Level 7.2 Ranged Weapons
 + Level 7.2 Throwing
 + Level 11.1 Armour
 + Level 7.2 Dodging
 + Level 7.6 Stealth
 + Level 7.2 Shields
 + Level 11.1 Unarmed Combat
 + Level 7.2 Spellcasting
 + Level 6.0 Conjurations
 + Level 6.0 Hexes
 + Level 6.0 Summonings
 + Level 6.0 Necromancy
 + Level 6.0 Translocations
 + Level 6.0 Transmutations
 + Level 6.0 Fire Magic
 + Level 6.0 Ice Magic
 + Level 6.0 Air Magic
 + Level 6.0 Earth Magic
 + Level 6.0 Poison Magic
 + Level 7.9 Invocations
 + Level 7.7 Evocations


You had 20 spell levels left.
You knew the following spells:

 Your Spells              Type           Power      Damage    Failure   Level
a - Passwall              Tmut/Erth      18%        N/A       16%         2
b - Swiftness             Air            22%        N/A       28%         3

Your spell library contained the following spells:

 Spells                   Type           Power      Damage    Failure   Level
 Sandblast                Erth           44%        2d11      11%         1
 Sting                    Tmut/Pois      88%        1d7       11%         1
 Blink                    Tloc           44%        N/A       16%         2
 Ensorcelled Hibernation  Hex/Ice        44%        N/A       16%         2
 Poisonous Vapours        Pois/Air       44%        N/A       16%         2
 Hailstorm                Conj/Ice       22%        3d7       28%         3
 Ozocubu's Armour         Ice            22%        N/A       28%         3
 Stone Arrow              Conj/Erth      44%        3d9       28%         3
 Ice Form                 Ice/Tmut       22%        N/A       65%         4
 Manifold Assault         Tloc           22%        N/A       65%         4
 Olgreb's Toxic Radiance  Pois           22%        N/A       65%         4
 Summon Ice Beast         Ice/Summ       22%        N/A       65%         4
 Summon Mana Viper        Hex/Summ       22%        N/A       92%         5
 Simulacrum               Ice/Necr       11%        N/A       100%        6
 Monstrous Menagerie      Summ           11%        N/A       100%        7
 Ozocubu's Refrigeration  Ice            11%        4d9       100%        7
 Storm Form               Tmut/Air       11%        N/A       100%        7


Dungeon Overview and Level Annotations

Branches:
Dungeon (12/15)            Temple (0/1) D:5            Lair (0/5) D:10
    Orc (0/2) D:11

Altars:
Fedhas
Gozag
Hepliaklqana
Makhleb
Nemelex Xobeh
Okawaru
Trog
Vehumet
Wu Jian
The Shining One

Shops:
D:5 (?   D:7 ?

Annotations:
D:3 exclusion: statue
D:7 exclusion: gargoyle
D:11 Lodul
D:12 Snorg


Innate Abilities, Weirdness & Mutations

You have very sharp teeth.
Your uncanny sense of smell can sniff out nearby items.
Your experience applies equally to all skills.
You possess an exceptional clarity of mind.
You are strong-willed. (Will+)
Your spells are a little harder to cast, but a little more powerful.
You occasionally lose the ability to drink potions when taking damage.


Message History

You block the skeletal warrior's attack.
You closely miss the skeletal warrior.
You bite the skeletal warrior, but do no damage.
The skeletal warrior is moderately damaged.
You punch the skeletal warrior!
The skeletal warrior is heavily damaged.
The skeletal warrior hits you with a +3 glaive.
You closely miss the skeletal warrior.
The skeletal warrior is heavily damaged.
The skeletal warrior completely misses you.
You hit the skeletal warrior but do no damage.
The skeletal warrior is heavily damaged.
The skeletal warrior hits you with a +3 glaive!
You hit the skeletal warrior but do no damage.
You bite the skeletal warrior, but do no damage.
The skeletal warrior is heavily damaged.
You block the skeletal warrior's attack.
You barely miss the skeletal warrior.
The skeletal warrior is heavily damaged.
The skeletal warrior hits you with a +3 glaive!
You feel threatened and lose the ability to drink potions!
* * * LOW HITPOINT WARNING * * *
Aiming: Minor Destruction (0% risk of failure)
Press: ? - help, Shift-Dir - straight line, f - skeletal warrior
Aim: a skeletal warrior, wielding a +3 glaive (heavily damaged)
The skeletal warrior is unaffected.
The skeletal warrior hits you with a +3 glaive!
* * * LOW HITPOINT WARNING * * *
Aiming: Minor Destruction (0% risk of failure)
Press: ? - help, Shift-Dir - straight line, f/p - skeletal warrior
Aim: a skeletal warrior, wielding a +3 glaive (heavily damaged)
The puff of flame misses the skeletal warrior.
The skeletal warrior hits you but does no damage.
Aiming: Major Destruction (6% risk of failure)
Press: ? - help, Shift-Dir - straight line, f/p - skeletal warrior
Aim: a skeletal warrior, wielding a +3 glaive (heavily damaged)
The bolt of fire hits the skeletal warrior!
The skeletal warrior is severely damaged.
The skeletal warrior hits you with a +3 glaive!
You die...

#....... .. #.....
+....... ..#....∆
#....... .#.... #.......
#..... #....... #....#
#....... ##...# #.......
#....# #)...... #..z@#
#....... #.!..+ #.......
##...# #######.......
..)##...###.....#......#
#.........z......#......#
#................#......#
+..........zz....#......#
###.####..###....#......#
## #######T####.....#


You could see a skeletal warrior.

Vanquished Creatures
  3 two-headed ogres
  A manticore (D:11)
  Maurice (D:12)
  Joseph (D:7)
  2 gargoyles
  A komodo dragon (D:9)
  A kobold demonologist (D:9)
  A troll (D:10)
  2 hornets (D:9)
  A shadow (D:9)
  2 wraiths
  A wyvern (D:10)
  18 yaks
  4 steam dragons
  3 acid dragons
  6 water moccasins
  5 ice beasts
  6 orc warriors
  6 ogres (D:11)
  6 centaurs
  5 kobold brigands
  5 bullfrogs
  4 scorpions
  4 gnoll sergeants
  A wight (D:9)
  2 killer bees (D:9)
  7 howler monkeys
  4 hounds
  4 jellies
  An orc priest (D:8)
  A gnoll bouda (D:6)
  Jessica (D:3)
  10 orc wizards
  33 gnolls
  6 adders
  A shadow imp (D:8)
  2 white imps
  2 worms (D:5)
  2 dart slugs
  40 orcs
  5 ball pythons
  7 bats
  5 endoplasms
  3 giant cockroaches
  6 goblins
  7 hobgoblins
  27 jackals
  25 kobolds
  4 quokkas
  2 frilled lizards (D:2)
  5 rats
302 creatures vanquished.

Vanquished Creatures (others)
  A shadow (D:11)
1 creature vanquished.

Grand Total: 303 creatures vanquished

Notes
Turn   | Place    | Note
-------+----------+-------------------------------------------
     0 | D:1      | AIAndy the Gnoll Wanderer began the quest for the Orb.
     0 | D:1      | AIAndy set off with the following items: a +0 dagger, a
                  | scroll of blinking, a scroll of silence, a +0 scale mail, a
                  | potion of berserk rage, a scroll of fear.
     0 | D:1      | Reached XP level 1. HP: 13/13 MP: 1/1
    68 | D:1      | Reached XP level 2. HP: 19/19 MP: 2/2
   293 | D:1      | Reached XP level 3. HP: 25/25 MP: 3/3
   515 | D:1      | Reached skill level 1 in Invocations
   520 | D:1      | Found a faded altar of an unknown god.
   527 | D:1      | Prayed at the altar of an unknown god.
   527 | D:1      | Became a worshipper of Makhleb the Destroyer
   527 | D:1      | Reached * piety under Makhleb
   661 | D:2      | Reached skill level 1 in Fighting
   661 | D:2      | Reached skill level 1 in Short Blades
   661 | D:2      | Reached skill level 1 in Long Blades
   661 | D:2      | Reached skill level 1 in Axes
   661 | D:2      | Reached skill level 1 in Maces & Flails
   661 | D:2      | Reached skill level 1 in Polearms
   661 | D:2      | Reached skill level 1 in Staves
   661 | D:2      | Reached skill level 1 in Ranged Weapons
   661 | D:2      | Reached skill level 1 in Throwing
   661 | D:2      | Reached skill level 1 in Dodging
   661 | D:2      | Reached skill level 1 in Shields
   661 | D:2      | Reached skill level 1 in Spellcasting
   761 | D:2      | Reached XP level 4. HP: 32/32 MP: 5/5
  1100 | D:2      | Learned a level 2 spell: Passwall
  1104 | D:2      | Learned a level 3 spell: Swiftness
  1552 | D:3      | Reached skill level 1 in Conjurations
  1552 | D:3      | Reached skill level 1 in Hexes
  1552 | D:3      | Reached skill level 1 in Summonings
  1552 | D:3      | Reached skill level 1 in Necromancy
  1552 | D:3      | Reached skill level 1 in Translocations
  1552 | D:3      | Reached skill level 1 in Transmutations
  1552 | D:3      | Reached skill level 1 in Fire Magic
  1552 | D:3      | Reached skill level 1 in Ice Magic
  1552 | D:3      | Reached skill level 1 in Air Magic
  1552 | D:3      | Reached skill level 1 in Earth Magic
  1552 | D:3      | Reached skill level 1 in Poison Magic
  1800 | D:3      | Reached ** piety under Makhleb
  2000 | D:3      | Noticed Jessica
  2003 | D:3      | Killed Jessica
  2004 | D:3      | Reached XP level 5. HP: 37/37 MP: 5/7
  2060 | D:3      | Found a radiant altar of Vehumet.
  2075 | D:3      | Noticed a frost-covered statue
  2783 | D:4      | Reached XP level 6. HP: 33/44 MP: 8/8
  2899 | D:4      | Reached *** piety under Makhleb
  3017 | D:4      | HP: 2/44 [poisoned by an orc]
  3022 | D:4      | Gained mutation: You have hidden genetic potential. [potion
                  | of mutation]
  3022 | D:4      | Gained mutation: You occasionally lose the ability to drink
                  | potions when taking damage. [potion of mutation]
  3022 | D:4      | Gained mutation: You occasionally shout uncontrollably at
                  | your foes. [potion of mutation]
  3330 | D:4      | Reached XP level 7. HP: 47/50 MP: 10/10
  3521 | D:5      | Entered Level 5 of the Dungeon
  3591 | D:5      | Found an iron altar of Okawaru.
  3619 | D:5      | Gained mutation: Your spells are a little harder to cast,
                  | but a little more powerful. [hidden potential]
  3677 | D:5      | Found a staircase to the Ecumenical Temple.
  3769 | D:5      | Found Gouseud's Weapon Emporium.
  3782 | D:5      | Found Kokufo Faud's Magic Scroll Shoppe.
  3804 | D:5      | Reached XP level 8. HP: 36/58 MP: 12/12
  3810 | D:5      | Bought a scroll of teleportation for 39 gold pieces
  4157 | D:6      | Found a sparkling altar of Nemelex Xobeh.
  4213 | D:6      | Reached **** piety under Makhleb
  4226 | D:6      | Gained mutation: Your flesh is heat resistant. (rF+)
                  | [hidden potential]
  4226 | D:6      | Lost mutation: You have hidden genetic potential. [hidden
                  | potential expressed]
  4659 | D:6      | Found an opulent altar of Gozag.
  5059 | D:7      | Lost mutation: Your flesh is heat resistant. (rF+) [potion
                  | of mutation]
  5059 | D:7      | Lost mutation: You occasionally shout uncontrollably at
                  | your foes. [potion of mutation]
  5059 | D:7      | Gained mutation: You possess an exceptional clarity of
                  | mind. [potion of mutation]
  5059 | D:7      | Gained mutation: You are strong-willed. (Will+) [potion of
                  | mutation]
  5065 | D:7      | Found an ornate altar of the Wu Jian Council.
  5090 | D:7      | Noticed Joseph
  5139 | D:6      | Reached XP level 9. HP: 33/65 MP: 14/14
  5268 | D:7      | Killed Joseph
  5269 | D:7      | Reached skill level 5 in Evocations
  5332 | D:7      | You fall into a shaft and drop 2 floors!
  5344 | D:9      | Noticed a hornet
  5345 | D:9      | Noticed a two-headed ogre
  5348 | D:9      | Noticed a two-headed ogre
  5349 | D:9      | Reached skill level 5 in Stealth
  5701 | D:8      | Reached skill level 5 in Invocations
  5754 | D:8      | Reached skill level 5 in Fighting
  5754 | D:8      | Reached skill level 5 in Short Blades
  5754 | D:8      | Reached skill level 5 in Long Blades
  5754 | D:8      | Reached skill level 5 in Axes
  5754 | D:8      | Reached skill level 5 in Maces & Flails
  5754 | D:8      | Reached skill level 5 in Polearms
  5754 | D:8      | Reached skill level 5 in Staves
  5754 | D:8      | Reached skill level 5 in Ranged Weapons
  5754 | D:8      | Reached skill level 5 in Throwing
  5754 | D:8      | Reached skill level 5 in Dodging
  5754 | D:8      | Reached skill level 5 in Shields
  5754 | D:8      | Reached skill level 5 in Spellcasting
  5754 | D:8      | Reached XP level 10. HP: 65/74 MP: 17/17
  5764 | D:8      | Reached skill level 10 in Armour
  5764 | D:8      | Reached skill level 10 in Unarmed Combat
  6248 | D:8      | Reached ***** piety under Makhleb
  6267 | D:7      | Found a glowing golden altar of the Shining One.
  6478 | D:7      | Found a blossoming altar of Fedhas.
  6710 | D:7      | Found The Oracle's Delphic Readings.
  6845 | D:7      | Found a faded altar of an unknown god.
  6846 | D:7      | Found a hazy altar of Hepliaklqana.
  6846 | D:7      | Noticed a gargoyle
  7324 | D:9      | Killed a two-headed ogre
  7375 | D:9      | Paralysed by a hornet for 2 turns
  7530 | D:9      | Killed a two-headed ogre
  7531 | D:9      | Reached skill level 5 in Conjurations
  7531 | D:9      | Reached skill level 5 in Hexes
  7531 | D:9      | Reached skill level 5 in Summonings
  7531 | D:9      | Reached skill level 5 in Necromancy
  7531 | D:9      | Reached skill level 5 in Translocations
  7531 | D:9      | Reached skill level 5 in Transmutations
  7531 | D:9      | Reached skill level 5 in Fire Magic
  7531 | D:9      | Reached skill level 5 in Ice Magic
  7531 | D:9      | Reached skill level 5 in Air Magic
  7531 | D:9      | Reached skill level 5 in Earth Magic
  7531 | D:9      | Reached skill level 5 in Poison Magic
  7531 | D:9      | Reached XP level 11. HP: 58/81 MP: 20/20
  7789 | D:9      | Identified a scroll of acquirement
  7790 | D:9      | Acquired the ring of the Special Bones {rElec MP+9 Dex+4}
  7888 | D:9      | Noticed a sun demon
  8102 | D:10     | Entered Level 10 of the Dungeon
  8570 | D:10     | Noticed a two-headed ogre
  8578 | D:10     | Killed a two-headed ogre
  8618 | D:10     | Found a staircase to the Lair.
  8625 | D:10     | Noticed a two-headed ogre
  8947 | D:10     | Found a bloodstained altar of Trog.
  9180 | D:10     | Found a burning altar of Makhleb.
  9180 | D:10     | Noticed an Executioner
  9587 | D:11     | Found a blossoming altar of Fedhas.
  9649 | D:11     | Found a staircase to the Orcish Mines.
  9750 | D:11     | Noticed Lodul
  9895 | D:11     | Noticed a manticore
  9900 | D:11     | Killed a manticore
 10881 | D:12     | Reached XP level 12. HP: 91/91 MP: 22/22
 10928 | D:12     | Noticed Maurice
 10934 | D:12     | Paralysed by something for 2 turns
 10949 | D:12     | Paralysed by something for 5 turns
 11186 | D:12     | Killed Maurice
 11282 | D:12     | Noticed Snorg
 11324 | D:12     | Mangled by a skeletal warrior

Illustrated notes

Levels and vault maps discovered:
D:1:      ldierk_walled_garden_2, layout_rooms,
          dilly_ecumenical_altar_fadedgnrine, roderic_st_hans_cross
D:2:      layout_loops_corners, minmay_indecisive_spiral
D:3:      layout_loops_ring, vehumet_statue, kennysheep_cross_room,
          feat_on_display, uniq_jessica
D:4:      lemuel_castle_with_subvaults [lemuel_castle_interior_carwin_2],
          layout_rooms
D:5:      layout_rooms, okawaru_ov_weapons_minmay, temple_pool_b, serial_shops,
          nicolae_shop_behind_doors, kennysheep_small_square
D:6:      layout_layer_cave, nicolae_gozag_cash_rules_everything_around_me,
          nemelex_spade_bored_becter
D:7:      layout_cave_pools, nicolae_overflow_hidden_temple,
          kennysheep_mini_moat, pdpol_wu_jian_five_deadly_venoms,
          beargit_hepliaklqana_dungeon_heroes, nicolae_nh_oracle_at_delphi,
          uniq_joseph
D:8:      layout_rooms
D:9:      layout_rooms, minmay_joined_circles
D:10:     layout_roguey, makhleb_altar_promises_db, trog_book,
          due_lair_maze_entry_diamond
D:11:     layout_roguey, orc_0_dummy, fedhas_bush_and_centaur_altar, uniq_lodul
D:12:     layout_gridville, uniq_snorg, uniq_maurice

Skill      XL: |  1  2  3  4  5  6  7  8  9 10 11 12 |
---------------+-------------------------------------+-----
Invocations    | 1 2 3 4 5 6 7 |  7.9
Fighting       | 1 2 3 5 6 7 |  7.2
Short Blades   | 1 2 3 5 6 7 |  7.2
Long Blades    | 1 2 3 5 6 7 |  7.2
Axes           | 1 2 3 5 6 7 |  7.2
Maces & Flails | 1 2 3 5 6 7 |  7.2
Polearms       | 1 2 3 5 6 7 |  7.2
Staves         | 1 2 3 5 6 7 |  7.2
Ranged Weapons | 1 2 3 5 6 7 |  7.2
Throwing       | 1 2 3 5 6 7 |  7.2
Dodging        | 1 2 3 5 6 7 |  7.2
Shields        | 1 2 3 5 6 7 |  7.2
Spellcasting   | 1 2 3 5 6 7 |  7.2
Conjurations   | 1 2 3 4 5 6 |  6.0
Hexes          | 1 2 3 4 5 6 |  6.0
Summonings     | 1 2 3 4 5 6 |  6.0
Necromancy     | 1 2 3 4 5 6 |  6.0
Translocations | 1 2 3 4 5 6 |  6.0
Transmutations | 1 2 3 4 5 6 |  6.0
Fire Magic     | 1 2 3 4 5 6 |  6.0
Ice Magic      | 1 2 3 4 5 6 |  6.0
Air Magic      | 1 2 3 4 5 6 |  6.0
Earth Magic    | 1 2 3 4 5 6 |  6.0
Poison Magic   | 1 2 3 4 5 6 |  6.0
Evocations     | 3 4 5 6 7 |  7.7
Stealth        | 3 4 5 6 7 |  7.6
Armour         | 9 10 11 | 11.1
Unarmed Combat | 9 10 11 | 11.1

Action                     |  1- 3 |  4- 6 |  7- 9 | 10-12 || total
---------------------------+-------+-------+-------+-------++-------
  Melee: Unarmed           |    83 |   232 |   294 |   550 ||  1159
         Punch             |     3 |     4 |    14 |     7 ||    28
         Bite              |     4 |    24 |    42 |    72 ||   142
  Throw: Dart              |       |     8 |     4 |       ||    12
 Invoke: Minor Destruction |       |       |    45 |    65 ||   110
         Major Destruction |       |       |       |    27 ||    27
  Evoke: Wand              |       |       |       |     8 ||     8
    Use: Scroll            |       |     6 |     4 |    11 ||    21
         Potion            |       |     2 |     1 |       ||     3
   Stab: Paralysed         |       |       |       |    10 ||    10
         Sleeping          |       |       |       |     3 ||     3
 Armour: Scale mail        |    41 |    53 |   137 |   235 ||   466
         Plate armour      |       |    61 |       |       ||    61
  Dodge: Dodged            |    31 |   104 |   152 |   232 ||   519
  Block: Kite shield       |       |       |       |   186 ||   186
